 Dungeon Crawl Stone Soup version 0.31-a0-233-g139696dc86 (webtiles) character file.

Game seed: 16449230284532874810

67 qw the Shooter (level 4, -2/26 HPs)
             Began as a Gargoyle Hexslinger on July 9, 2023.
             Killed by divine providence
             ... invoked by an orc priest
              (13 damage)
             ... on level 3 of the Dungeon.
             The game lasted 00:00:40 (1475 turns).

qw the Shooter (Gargoyle Hexslinger)                Turns: 1475, Time: 00:00:41

Health: -2/26      AC:  8    Str:  9 (12) XL:     4   Next: 18%
Magic:  5/5        EV: 10    Int: 10 (13) God:
Gold:   119        SH:  0    Dex: 13 (14) Spells: 4/5 levels left

rFire   + . .        Y - +1 sling
rCold   . . .        (no shield)
rNeg    + . .        h - +0 ring mail
rPois   inf          (no helmet)
rElec   +            (no cloak)
rCorr   .            (no gloves)
SInv    .            (no boots)
Will    +....        (no amulet)
Stlth   +            f - ring of willpower
HPRegen 0.24/turn    i - ring of protection from fire
MPRegen 0.09/turn

%: no passive effects
@: no status effects
A: sickness immunity, AC +3, negative energy resistance 1, electricity
resistance, torment resistance 1, petrification resistance
a: no special abilities


You were on level 3 of the Dungeon.
You visited 1 branch of the dungeon, and saw 3 of its levels.

You collected 119 gold pieces.


Innate Abilities, Weirdness & Mutations

You are immune to sickness and miasma.
Your stone body is resilient. (AC +3)
You are immune to poison.
You resist negative energy. (rN+)
You are resistant to electric shocks. (rElec)
You are resistant to unholy torment.
You are immune to petrification.


   Skills:
 - Level 2.2 Fighting
 + Level 3.9 Ranged Weapons
 - Level 1.5 Dodging
 - Level 1.0 Spellcasting
 - Level 2.6 Hexes


You had 4 spell levels left.
You knew the following spells:

 Your Spells              Type           Power      Damage    Failure   Level
a - Slow                  Hex            20%        N/A       32%         1

Your spell library contained the following spells:

 Spells                   Type           Power      Damage    Failure   Level
 Inner Flame              Hex/Fire       3%         N/A       86%         3
 Portal Projectile        Hex/Tloc       6%         N/A       86%         3
 Cause Fear               Hex            2%         N/A       97%         4

Inventory:

Hand Weapons
 Y - a +1 sling (weapon)
Armour
 h - a +0 ring mail (worn)
Jewellery
 a - a ring of ice
 f - a ring of willpower (left hand)
 i - a ring of protection from fire (right hand)
 k - a ring of protection from fire
Potions
 b - a potion of resistance {unknown}
 c - a potion of invisibility {unknown}
 g - a potion of might

Dungeon Overview and Level Annotations

Branches:
Dungeon (3/15)

Altars:

Shops:
D:3 *


Message History

An orc priest comes into view. It is wielding a +0 whip.
The orc moves out of view.
Enter note:
Enter note:
Enter note:
Enter note: You shoot a sling bullet.
The orc priest shouts!
The sling bullet hits the orc but does no damage.
You shoot a sling bullet.
The sling bullet completely misses the orc.
An orc priest comes into view. It is wielding a +0 dagger.
You shoot a sling bullet. The sling bullet barely misses the orc.
The orc priest shouts!
The orc priest mumbles some strange prayers to Beogh against you.
Beogh smites you!
Ouch! That really hurt!
You shoot a sling bullet. The sling bullet hits the orc.
The orc is heavily wounded.
The orc closely misses you.
1472 ||| Stepping ~*~*~tactically~*~*~ (outnumbered).
The orc hits you with a +0 mace.
Enter note:
Enter note:
Enter note:
Enter note: You shoot a sling bullet.
The sling bullet hits the orc.
You kill the orc!
The kobold hits you but does no damage.
The orc priest begins to cast a cantrip, but forgets the words!
The kobold barely misses you.
You shoot a sling bullet. The sling bullet hits the kobold.
The kobold is severely wounded.
The orc hits you but does no damage. The kobold hits you but does no damage.
You shoot a sling bullet. The sling bullet hits the kobold.
You kill the kobold!
The orc priest calls down the wrath of Beogh upon you.
Beogh smites you!
Ouch! That really hurt!
You die...

......#.###.##...#####
.....#.##..##........
..(.#.##.###...##### #
...#.##.# ##### ?.
.o#.##.#
###.##o#.##.### #
......o#......# .
#))......# #
#@.#.....# #........#
#.#........
...##........
######...##### ##...
####


You could see 2 orc priests and an orc.

Vanquished Creatures
  An adder (D:1)
  A worm (D:2)
  A dart slug (D:1)
  3 orcs
  5 ball pythons
  3 endoplasms
  4 giant cockroaches
  5 goblins
  4 hobgoblins
  10 kobolds
  3 quokkas
  2 bats
  2 frilled lizards
  2 rats
46 creatures vanquished.

Notes
Turn   | Place    | Note
-------+----------+-------------------------------------------
     0 | D:1      | qw the Gargoyle Hexslinger began the quest for the Orb.
     0 | D:1      | Reached XP level 1. HP: 12/12 MP: 2/2
     0 | D:1      | 0 ||| qw: Version: 0.3-a-51-g015441d
     0 | D:1      | 0 ||| qw: Game counter: 3860
     0 | D:1      | 0 ||| qw: Melee chars always use a shield: true
     0 | D:1      | 0 ||| qw: God list: Okawaru
     0 | D:1      | 0 ||| qw: Allow faded altars: false
     0 | D:1      | 0 ||| qw: Do Orc after clearing Dungeon:15 true
     0 | D:1      | 0 ||| qw: Do second Lair branch before Depths: true
     0 | D:1      | 0 ||| qw: Lair rune preference: random
     0 | D:1      | 0 ||| qw: Goals: Normal
     0 | D:1      | 0 ||| PLANNING D:1-11
    76 | D:1      | Reached XP level 2. HP: 16/16 MP: 3/3
   148 | D:1      | Reached skill level 3 in Ranged Weapons
   603 | D:1      | 603 ||| UPGRADING to +0 leather armour.
   613 | D:1      | 613 ||| DROPPING +0 robe.
   614 | D:1      | 614 ||| UPGRADING to ring of willpower.
   615 | D:1      | 615 ||| UPGRADING to ring of protection from fire.
   616 | D:1      | 616 ||| READING scroll labelled POYFIR OZURUDE.
   617 | D:1      | 617 ||| DRINKING 2 black potions.
   618 | D:1      | 618 ||| DROPPING scroll of poison.
   656 | D:2      | 656 ||| STAIRDANCE
   660 | D:1      | HP: 4/17 [adder (4)]
   663 | D:1      | Reached XP level 3. HP: 6/21 MP: 4/4
   737 | D:2      | Noticed a golden eye
   738 | D:2      | Found a faded altar of an unknown god.
   741 | D:2      | Noticed a shining eye
   741 | D:2      | Noticed a shining eye
   741 | D:2      | Noticed a great orb of eyes
   971 | D:2      | 971 ||| Stepping ~*~*~tactically~*~*~ (outnumbered).
  1171 | D:2      | 1171 ||| UPGRADING to +0 ring mail.
  1181 | D:2      | 1181 ||| DROPPING +0 leather armour.
  1182 | D:2      | 1182 ||| READING 2 scrolls labelled ZONTIU OR RUDGH.
  1183 | D:2      | 1183 ||| READING scroll labelled VABULO POIJEBA.
  1184 | D:2      | 1184 ||| DRINKING 2 dark potions.
  1185 | D:2      | 1185 ||| DROPPING scroll of immolation.
  1186 | D:2      | 1186 ||| DROPPING potion of degeneration.
  1244 | D:3      | Found Fabyl's General Store.
  1249 | D:3      | 1249 ||| SHOPLISTING +3 heavy longbow (373 gold, have 111).
  1308 | D:3      | Reached XP level 4. HP: 26/26 MP: 5/5
  1472 | D:3      | 1472 ||| Stepping ~*~*~tactically~*~*~ (outnumbered).
  1475 | D:3      | Killed from afar by an orc priest

Levels and vault maps discovered:
D:1:      enne_arrival_octagon_isle, layout_rooms, grunt_decor_resistance,
          corner_web_ring, grunt_decor_arrowhead
D:2:      minmay_kobold_bridge, layout_rooms,
          hellmonk_ecumenical_altar_watching_god
D:3:      layout_loops_ring, serial_shops, nicolae_shop_trees

Skill      XL: |  1  2 |
---------------+-------+-----
Ranged Weapons | 3 |  3.9
Fighting       | 2 |  2.2
Dodging        | |  1.5
Spellcasting   | |  1.0
Hexes          | |  2.6

Action                     |  1- 3 |  4- 6 || total
---------------------------+-------+-------++-------
   Fire: Sling             |   132 |    24 ||   156
    Use: Scroll            |     3 |       ||     3
         Potion            |     2 |       ||     2
 Armour: Robe              |     5 |       ||     5
         Leather armour    |     6 |       ||     6
         Ring mail         |     5 |    13 ||    18
  Dodge: Dodged            |    45 |     5 ||    50

Table legend:
 A = Non-vault XP
 B = Vault XP
 C = Vault XP percentage of total XP
 D = Non-vault monster count
 E = Vault monster count
 F = Vault count percentage of total count
                 A         B        C        D         E       F
            +---------+---------+-------+---------+---------+-------
      Total |      92 |       6 |   6.1 |      41 |       5 |  10.9
            +---------+---------+-------+---------+---------+-------
        D:1 |      40 |       0 |   0.0 |      15 |       0 |   0.0
        D:2 |      23 |       6 |  20.7 |      10 |       5 |  33.3
        D:3 |      29 |       0 |   0.0 |      16 |       0 |   0.0
            +---------+---------+-------+---------+---------+-------
